 Dungeon Crawl Stone Soup version 0.25-a0-1118-g1a081956a1 (webtiles) character file.

Game seed: 6984601617544400918, levelgen mode: deterministic

15832 Hurvirl the Geomancer (level 12, -6/63 HPs)
             Began as a Gargoyle Earth Elementalist on May 17, 2020.
             Was a High Priest of Vehumet.
             Mangled by Frances
             ... wielding a +2 glaive of venom
              (24 damage)
             ... on level 12 of the Dungeon.
             The game lasted 00:34:30 (14280 turns).

Hurvirl the Geomancer (GrEE)                       Turns: 14280, Time: 00:34:31

Health: -6/63      AC: 22    Str: 13    XL:     12   Next: 31%
Magic:  23/23      EV: 15    Int: 20    God:    Vehumet [*****.]
Gold:   181        SH:  0    Dex: 16    Spells: 17/26 levels left

rFire    + . .     SeeInvis .   k - +3 short sword (elec)
rCold    . . .     Gourm    .   (no shield)
rNeg     + . .     Faith    .   O - +2 robe {rF+}
rPois    ∞         Spirit   .   i - +0 helmet
rElec    +         Reflect  .   K - +2 cloak
rCorr    .         Harm     .   z - +1 pair of gloves
MR       +....                  o - +1 pair of boots
Stlth    ++........             y - amulet of magic regeneration
HPRegen  0.20/turn              v - ring of Zussiu {rElec MR+ Dex+6}
MPRegen  0.43/turn              (no ring)

@: very slightly contaminated
A: frail 1, negative energy resistance 1, electricity resistance, wild magic 1,
unbreathing, petrification resistance, rot immunity, AC +8
a: Renounce Religion


You were on level 12 of the Dungeon.
You worshipped Vehumet.
Vehumet was extremely pleased with you.
You were not hungry.

You visited 2 branches of the dungeon, and saw 13 of its levels.
You also visited: Ossuary.

You collected 841 gold pieces.
You spent 660 gold pieces at shops.

Inventory:

Hand Weapons
 k - a +3 short sword of electrocution (weapon)
 u - the +8 demon trident "Rift" {distort, reach+}
   (You found it on level 11 of the Dungeon)

   It warps and distorts space around it.
   Unwielding it can cause banishment or high damage.
 T - a +1 morningstar of venom
Missiles
 b - 215 stones (quivered)
Armour
 i - a +0 helmet (worn)
 o - a +1 pair of boots (worn)
 z - a +1 pair of gloves (worn)
 K - a +2 cloak (worn)
 O - a +2 robe of fire resistance (worn)
Magical Staves
 c - an uncursed staff of summoning {unknown}
 H - an uncursed staff of cold {unknown}
 R - an uncursed staff of wizardry {unknown}
 S - an uncursed staff of death {unknown}
Jewellery
 a - an uncursed ring of flight
 v - the ring of Zussiu (left hand) {rElec MR+ Dex+6}
   (You bought it in a shop on level 5 of the Dungeon)

   [ring of dexterity]

   It affects your dexterity (+6).
   It insulates you from electricity.
   It affects your resistance to hostile enchantments.
 y - an amulet of magic regeneration (around neck)
Wands
 f - a wand of flame (28)
 l - a wand of polymorph (4)
 r - a wand of digging (5)
 B - a wand of iceblast (12)
 F - a wand of random effects (20)
 I - a wand of acid (3)
 M - a wand of enslavement (6)
Scrolls
 e - 3 scrolls of immolation
 j - 7 scrolls of remove curse
 q - 2 scrolls of fog
 s - 2 scrolls of amnesia
 C - 7 scrolls of identify
 N - a scroll of magic mapping
Potions
 h - a potion of curing
 m - a potion of experience
 t - a potion of flight
 w - 2 potions of brilliance
 A - 3 potions of mutation
 E - a potion of stabbing
 J - a potion of berserk rage
Miscellaneous
 P - a phial of floods
 U - a box of beasts
Comestibles
 d - 20 rations


   Skills:
 + Level 6.9 Fighting
 + Level 5.9 Maces & Flails
 - Level 6.0 Armour
 + Level 5.4 Dodging
 - Level 2.1 Stealth
 + Level 7.9 Spellcasting
 + Level 9.0 Conjurations
   Level 0.7 Transmutations
 + Level 10.5 Earth Magic
 + Level 5.6 Evocations


You had 17 spell levels left.
You knew the following spells:

 Your Spells              Type           Power        Failure   Level  Hunger
a - Sandblast             Erth           ######       1%          1    None
b - Stone Arrow           Conj/Erth      ######       1%          3    None
c - Lee's Rapid Deconstr  Erth           ######....   1%          5    #####..

Your spell library contained the following spells:

 Spells                   Type           Power        Failure   Level  Hunger
 Sticky Flame             Conj/Fire      ####....     5%          4    ###....
 Passwall                 Tmut/Erth      #####...     2%          2    None
 Summon Small Mammal      Summ           ##..         13%         1    None
 Petrify                  Tmut/Erth      #####...     13%         4    ###....
 Call Imp                 Summ           ##......     19%         2    None
 Call Canine Familiar     Summ           ##......     34%         3    None
 Summon Guardian Golem    Hex/Summ       ##......     34%         3    None
 Summon Ice Beast         Ice/Summ       ##......     73%         4    ###....
 Summon Lightning Spire   Summ/Air       ##......     73%         4    ###....


Dungeon Overview and Level Annotations

Branches:
Dungeon (12/15)            Temple (1/1) D:6            Lair (0/6) D:8
    Orc (0/2) D:9         Ossuary (visited)

Altars:
Ashenzari
Dithmenos
Fedhas
Gozag
Makhleb
Nemelex Xobeh
Okawaru
Qazlal
Sif Muna
Uskayaw
Vehumet
Wu Jian
Xom
Yredelemnul
Zin
The Shining One

Shops:
D:5 *   D:6 }   D:10 *   D:11 [

Annotations:
D:12 Frances


Innate Abilities, Weirdness & Mutations

You are resistant to torment.
Your stone body is resilient. (AC +8)
You are immune to poison.
You resist negative energy. (rN+)
You are resistant to electric shocks. (rElec)
You can survive without breathing.
You are immune to petrification.
You are immune to rotting.
You are frail. (-10% HP)
Your spells are a little harder to cast, but a little more powerful.


Message History

Okay, then.
Okay, then.
Unknown command.
Okay, then.
Unknown command.
That item cannot be evoked!
Unknown command.
Unknown command.
Evoke which item? (* to show all) (? for menu, Esc to quit)
Aiming: Phantom Mirror
Press: ? - help, Dir - move target cursor, f - Frances
Aim: Frances, wielding a +2 glaive of venom and wearing a +3 leather armour of magic resistance (fast)
You reflect Frances with the mirror, and the mirror shatters!
Frances whispers indecipherable words.
The scorpion stings your rust devil.
Evoke which item? (* to show all) (? for menu, Esc to quit)
You open the lid... ...and a juvenile firesting beast leaps out!
Frances hits you from afar with a +2 glaive of venom!!
You die...

....# ...# ...# ..#
..# ######### #.#
#.......# ###### #.#
#.# #..... #
##.#####.##### #
#.##..
#.###....s4..@.@.#.#
#.##.#
#.......####@###H#.#
##.##.# #####.....#
#.......# #<.....
§§.§§....##
#####.### #.###.#
§§§.##..##
####.##### #.###.#
§§......# #........#
#.##... .§..###.#
#.##.###.# #.###.#
...## #+# #
##.###.### #.###.#
#### #........#
#......


You could see Frances (fast), a scorpion, the friendly Frances (summoned, fast,
drained), a friendly juvenile firesting beast (summoned) and a friendly rust
devil (summoned).

Vanquished Creatures
  Kirke (D:12)
  Nessos (D:12)
  Pikel (D:7)
  2 manticores (D:11)
  A troll (D:11)
  Prince Ribbit (D:8)
  A hippogriff (D:8)
  2 hornets (D:11)
  A wraith (D:10)
  18 yaks
  A wyvern (D:10)
  A basilisk (D:11)
  2 hogs (D:12)
  A hungry ghost (D:7)
  An acid dragon (D:12)
  A water moccasin (D:6)
  2 soldier ants (D:11)
  3 porcupines (D:8)
  5 sky beasts
  An ice beast (D:10)
  2 orc warriors
  4 black bears (D:8)
  2 phantoms
  2 eyes of draining (D:11)
  2 wolves (D:8)
  7 ogres
  6 centaurs
  3 crocodiles
  4 big kobolds
  An elf zombie (Ossuary)
  4 bullfrogs
  A gnoll sergeant (D:11)
  5 scorpions
  17 killer bees
  3 wights (D:11)
  4 howler monkeys
  14 crimson imps
  A bullfrog zombie (D:11)
  2 human zombies (Ossuary)
  A quasit (D:9)
  A jelly (D:7)
  3 bullfrog skeletons
  7 orc priests
  8 hounds
  2 iguanas
  14 orc wizards
  3 worker ants
  2 big kobold zombies (Ossuary)
  A hound skeleton (D:2)
  2 hound zombies (Ossuary)
  4 mummies (Ossuary)
  16 gnolls
  12 adders
  2 shadow imps
  2 oozes (D:1)
  2 adder zombies
  An adder skeleton (D:9)
  5 worms
  5 leopard geckos
  42 orcs
  3 ball pythons (D:1)
  4 bats
  4 giant cockroaches
  3 gnoll zombies
  15 goblins
  3 hobgoblins
  23 jackals
  3 quokkas
  2 frilled lizards
  A giant cockroach zombie (D:5)
  A goblin zombie (Ossuary)
  A hobgoblin zombie (Ossuary)
  A jackal zombie (D:5)
  27 kobolds
  A kobold zombie (Ossuary)
  A leopard gecko skeleton (D:4)
  A leopard gecko zombie (D:5)
  A quokka zombie (D:7)
  8 rats
  A rat zombie (Ossuary)
370 creatures vanquished.

Vanquished Creatures (others)
  An unseen horror (D:11)
  A fungus (D:8)
  3 plants (D:8)
5 creatures vanquished.

Grand Total: 375 creatures vanquished

Notes
Turn   | Place    | Note
-------+----------+-------------------------------------------
     0 | D:1      | Hurvirl the Gargoyle Earth Elementalist began the quest for
                  | the Orb.
     0 | D:1      | Reached XP level 1. HP: 10/10 MP: 3/3
    37 | D:1      | Reached skill level 4 in Earth Magic
    37 | D:1      | Reached XP level 2. HP: 15/15 MP: 1/5
   452 | D:1      | Reached XP level 3. HP: 6/19 MP: 0/6
   457 | D:1      | Learned a level 3 spell: Stone Arrow
  1551 | D:2      | Reached skill level 1 in Conjurations
  1593 | D:2      | Reached XP level 4. HP: 22/24 MP: 5/8
  1856 | D:2      | Reached skill level 5 in Earth Magic
  1878 | D:2      | Reached XP level 5. HP: 16/28 MP: 5/9
  2304 | D:2      | Learned a level 5 spell: Lee's Rapid Deconstruction
  3103 | D:4      | Noticed an ogre
  3151 | D:4      | Noticed an ogre
  3471 | D:4      | Killed an ogre
  3471 | D:4      | Reached XP level 6. HP: 32/32 MP: 5/11
  3807 | D:5      | Entered Level 5 of the Dungeon
  3851 | D:4      | Reached skill level 6 in Earth Magic
  4151 | D:5      | Noticed a phantom
  4166 | D:5      | Killed a phantom
  4166 | D:5      | Reached XP level 7. HP: 35/36 MP: 4/13
  4539 | D:5      | Found Qaek's Assorted Antiques.
  4542 | D:5      | Bought a slimy brass ring for 150 gold pieces
  4542 | D:5      | Bought a murky orange potion for 27 gold pieces
  4542 | D:5      | Identified the ring of Zussiu {rElec MR+ Dex+6} (You bought
                  | it in a shop on level 5 of the Dungeon)
  4722 | D:5      | Found an opulent altar of Gozag.
  4747 | D:5      | Reached skill level 5 in Spellcasting
  4747 | D:5      | Reached skill level 7 in Earth Magic
  5071 | D:6      | Found a staircase to the Ecumenical Temple.
  5078 | D:6      | Reached XP level 8. HP: 41/41 MP: 15/15
  5084 | D:6      | Reached skill level 5 in Conjurations
  5097 | Temple   | Entered the Ecumenical Temple
  5151 | Temple   | Became a worshipper of Vehumet
  5225 | D:6      | Found a sand-covered staircase.
  5359 | Ossuary  | Entered an ossuary
  5764 | Ossuary  | Reached skill level 1 in Fighting
  5860 | Ossuary  | Reached skill level 1 in Armour
  5924 | Ossuary  | Gained mutation: You are frail. (-10% HP) [potion of
                  | mutation]
  5924 | Ossuary  | Gained mutation: Your spells are a little harder to cast,
                  | but a little more powerful. [potion of mutation]
  5977 | D:6      | Reached skill level 1 in Maces & Flails
  5977 | D:6      | Reached skill level 1 in Evocations
  6104 | D:6      | Found Xafogad's Gadget Shop.
  6185 | D:6      | Found an ornate altar of the Wu Jian Council.
  6237 | D:6      | Reached * piety under Vehumet
  6237 | D:6      | Offered knowledge of Magic Dart by Vehumet.
  6574 | D:6      | Reached XP level 9. HP: 26/43 MP: 17/17
  6576 | D:6      | Reached skill level 8 in Earth Magic
  6983 | D:6      | Found a basalt altar of Yredelemnul.
  7537 | D:7      | Noticed Pikel
  7549 | D:7      | Killed Pikel
  7899 | D:7      | Found a shimmering altar of Xom.
  7899 | D:7      | Found an ornate altar of the Wu Jian Council.
  7989 | D:7      | Reached ** piety under Vehumet
  8013 | D:7      | Offered knowledge of Foxfire by Vehumet.
  8400 | D:8      | Reached XP level 10. HP: 50/50 MP: 19/19
  8621 | D:8      | Noticed Prince Ribbit
  8673 | D:8      | Offered knowledge of Ignite Poison by Vehumet.
  8912 | D:8      | Reached skill level 9 in Earth Magic
  8914 | D:8      | Reached *** piety under Vehumet
  8974 | D:8      | Killed Prince Ribbit
  9055 | D:8      | Found a staircase to the Lair.
  9599 | D:9      | Offered knowledge of Hailstorm by Vehumet.
  9778 | D:9      | Reached skill level 5 in Fighting
  9838 | D:9      | Found a staircase to the Orcish Mines.
 10031 | D:9      | Reached **** piety under Vehumet
 10079 | D:9      | Reached skill level 5 in Armour
 10081 | D:9      | Offered knowledge of Frozen Ramparts by Vehumet.
 10172 | D:9      | Reached XP level 11. HP: 57/57 MP: 21/21
 10600 | D:10     | Entered Level 10 of the Dungeon
 10620 | D:10     | Got an iridescent trident
 10629 | D:10     | Identified the cursed +2 trident "Buzesoel" {drain, rElec}
                  | (You found it on level 10 of the Dungeon)
 11145 | D:10     | Found Biref's Assorted Antiques.
 11209 | D:10     | Bought a scroll labeled YMOKICLOEGH for 27 gold pieces
 11590 | D:5      | Bought a sharpened wooden wand for 120 gold pieces
 11590 | D:5      | Bought a potion of heal wounds for 150 gold pieces
 11590 | D:5      | Bought a twisted bone wand for 120 gold pieces
 11940 | D:11     | Found Paifuyca's Antique Armour Emporium.
 12058 | D:11     | Bought a runed robe for 66 gold pieces
 12098 | D:11     | Noticed a manticore
 12110 | D:11     | Killed a manticore
 12134 | D:11     | Reached ***** piety under Vehumet
 12134 | D:11     | Offered knowledge of Sticky Flame by Vehumet.
 12350 | D:11     | Reached skill level 5 in Maces & Flails
 12689 | D:11     | Reached skill level 10 in Earth Magic
 12743 | D:11     | Noticed a manticore
 12745 | D:11     | Reached skill level 5 in Evocations
 12757 | D:11     | Killed an unseen horror
 12766 | D:11     | Killed a manticore
 12766 | D:11     | Reached skill level 5 in Dodging
 12984 | D:11     | Found the +8 demon trident "Rift" {distort, reach+}
 13423 | D:12     | Noticed Nessos
 13429 | D:12     | Killed Nessos
 13429 | D:12     | Reached XP level 12. HP: 56/63 MP: 5/23
 14029 | D:12     | Noticed Kirke
 14064 | D:12     | Killed Kirke
 14263 | D:12     | Noticed Frances
 14280 | D:12     | Mangled by Frances

Illustrated notes

Levels and vault maps discovered:
D:1:      onia_arrival_handbag, layout_basic
D:2:      layout_rooms, first_ration, dk_noncrumbling_4
D:3:      layout_loops_ring
D:4:      layout_loops_ring
D:5:      layout_cave_pods, grunt_gozag_statues, serial_shops,
          nicolae_shop_window_shopping
D:6:      layout_basic, lemuel_zombie_altar_yredelemnul,
          minmay_temple_entry_statues_pillars, serial_shops, nicolae_shop_trees,
          nicolae_ossuary_entry_false_entrances, basic_altar, eino_curves_04
D:7:      layout_loops_corners, gammafunk_temple_overflow_wave, uniq_pikel
D:8:      layout_basic, minmay_lair_entry_grove, serial_curves, eino_curves_04,
          eino_curves_03, uniq_prince_ribbit1
D:9:      layout_small_grid, orc_0_dummy
D:10:     layout_cave_pools, serial_shops, nicolae_shop_waterfront
D:11:     minmay_the_grid_four_pointed_star
          [minmay_the_grid_triangle_9x9_impossible_snake,
          minmay_the_grid_triangle_9x9_longest,
          minmay_the_grid_triangle_9x9_descending_squares,
          minmay_the_grid_triangle_9x9_intruding_spiral,
          minmay_the_grid_prize_trominoes], layout_loops_ring, serial_shops,
          shop, hangedman_pestilent_swarm
D:12:     layout_loops_corners, serial_shops, shop, basic_altar,
          kennysheep_kite_vault, uniq_snorg, uniq_kirke, uniq_nessos,
          uniq_frances
Temple:   regret_index_temple_mists

Skill      XL: |  1  2  3  4  5  6  7  8  9 10 11 12 |
---------------+-------------------------------------+-----
Earth Magic    | 4 5 6 7 8 9 10 | 10.5
Conjurations   | 1 2 3 4 5 6 7 8 9 |  9.0
Spellcasting   | 3 4 5 6 7 |  7.9
Fighting       | 1 3 5 6 |  6.9
Armour         | 1 3 5 6 |  6.0
Maces & Flails | 1 3 4 5 |  5.9
Dodging        | 2 3 4 5 |  5.4
Evocations     | 1 2 4 5 |  5.6
Stealth        | |  2.1
Transmutations | |  0.7

Action                   |  1- 3 |  4- 6 |  7- 9 | 10-12 || total
-------------------------+-------+-------+-------+-------++-------
Melee: Dagger            |    62 |   132 |    85 |       ||   279
       Short sword       |       |    22 |   225 |   459 ||   706
Throw: Throwing net      |       |       |       |     2 ||     2
 Cast: Sandblast         |    29 |    26 |    39 |   124 ||   218
       Stone Arrow       |       |     1 |     4 |     1 ||     6
       Lee's Rapid Decon |       |       |     2 |    22 ||    24
Evoke: Wand              |       |       |     6 |     5 ||    11
       Box of beasts     |       |       |       |     1 ||     1
       Phantom mirror    |       |       |       |     1 ||     1
  Use: Scroll            |       |    12 |     9 |    10 ||    31
       Potion            |       |       |     6 |     4 ||    10
 Stab: Sleeping          |     4 |     4 |     4 |     1 ||    13
  Eat: Chunk             |     2 |     9 |    11 |    22 ||    44
       Ration            |       |       |     1 |     1 ||     2
Armor: Robe              |    35 |    53 |   117 |   261 ||   466
       Skin              |       |       |     1 |       ||     1
Dodge: Dodged            |    50 |    93 |   168 |   462 ||   773

Table legend:
 A = Non-vault XP
 B = Vault XP
 C = Vault XP percentage of total XP
 D = Non-vault monster count
 E = Vault monster count
 F = Vault count percentage of total count
                 A         B        C        D         E       F
            +---------+---------+-------+---------+---------+-------
      Total |   13897 |    8721 |  38.6 |     317 |      54 |  14.6
            +---------+---------+-------+---------+---------+-------
        D:1 |      40 |      17 |  29.8 |      23 |       4 |  14.8
        D:2 |     121 |       0 |   0.0 |      26 |       0 |   0.0
        D:3 |      39 |       0 |   0.0 |      13 |       0 |   0.0
        D:4 |     309 |       0 |   0.0 |      10 |       0 |   0.0
        D:5 |     628 |       0 |   0.0 |      24 |       0 |   0.0
        D:6 |    1043 |       4 |   0.4 |      36 |       2 |   5.3
        D:7 |    1276 |     651 |  33.8 |      24 |       1 |   4.0
        D:8 |     976 |    1739 |  64.1 |      30 |      14 |  31.8
        D:9 |    2163 |       0 |   0.0 |      54 |       0 |   0.0
       D:10 |    3420 |       0 |   0.0 |      30 |       0 |   0.0
       D:11 |    3528 |    2328 |  39.8 |      36 |      13 |  26.5
       D:12 |     354 |    3633 |  91.1 |      11 |       4 |  26.7
    Ossuary |       0 |     349 | 100.0 |       0 |      16 | 100.0
            +---------+---------+-------+---------+---------+-------
